 Dungeon Crawl Stone Soup version 0.31-a0-963-ga325b2283a (webtiles) character file.

Game seed: 11413346221727673389

89 croobank the Conjurer (level 4, -1/33 HPs)
             Began as a Minotaur Conjurer on Oct 24, 2023.
             Was an Initiate of Sif Muna.
             Killed by divine providence
             ... invoked by an orc priest
              (14 damage)
             ... on level 3 of the Dungeon.
             The game lasted 00:08:29 (2640 turns).

croobank the Conjurer (Minotaur Conjurer)           Turns: 2640, Time: 00:08:29

Health: -1/33      AC:  3    Str: 11    XL:     4   Next: 31%
Magic:  1/6        EV: 12    Int: 15    God:    Sif Muna [......]
Gold:   188        SH:  0    Dex: 11    Spells: 1/7 levels left

rFire   . . .        a - +1 short sword (venom)
rCold   . . .        (no shield)
rNeg    + . .        c - +0 robe
rPois   .            (helmet restricted)
rElec   .            g - +0 cloak
rCorr   .            (no gloves)
SInv    .            (no boots)
Will    .....        (no amulet)
Stlth   ++           k - ring of positive energy
HPRegen 0.25/turn    (no ring)
MPRegen 0.10/turn

%: no passive effects
@: no status effects
A: horns 2, retaliatory headbutt
a: Renounce Religion


You were on level 3 of the Dungeon.
You worshipped Sif Muna.
Sif Muna was noncommittal.
You visited 1 branch of the dungeon, and saw 3 of its levels.

You collected 188 gold pieces.

Inventory:

Hand Weapons
 a - a +1 short sword of venom (weapon)
 b - a +0 sling
 h - a +0 dagger
 l - a +0 trident
Missiles
 s - 6 poisoned darts
Armour
 c - a +0 robe (worn)
 e - a +0 leather armour
 g - a +0 cloak (worn)
 p - an orb of mayhem
Jewellery
 k - a ring of positive energy (left hand)
Wands
 o - a wand of charming (10)
Scrolls
 i - 2 scrolls of fog {unknown}
 j - 3 scrolls of identify {unknown}
 m - a scroll of enchant weapon {unknown}
 n - a scroll of vulnerability {unknown}
 q - a scroll of enchant armour {unknown}
 r - a scroll of amnesia {unknown}
Potions
 d - a potion of magic
 f - 3 potions of enlightenment {unknown}
 t - a potion of mutation {unknown}
 u - a potion of might {unknown}
 v - a potion of heal wounds {unknown}


   Skills:
 - Level 2.1 Dodging
 - Level 1.5 Stealth
 + Level 2.3 Spellcasting
 + Level 3.6 Conjurations
 + Level 0.2 Hexes
 + Level 0.4 Invocations


You had one spell level left.
You knew the following spells:

 Your Spells              Type           Power      Damage    Failure   Level
a - Magic Dart            Conj           48%        1d5       4%          1
b - Searing Ray           Conj           24%        2d5       7%          2
c - Dazzling Flash        Conj/Hex       14%        N/A       28%         3

Your spell library contained the following spells:

 Spells                   Type           Power      Damage    Failure   Level
 Sublimation of Blood     Necr           1%         N/A       32%         2
 Wereblood                Tmut           1%         N/A       32%         2
 Fulminant Prism          Conj/Hex       3%         3d5       67%         4
 Iskenderun's Mystic Bla  Conj/Tloc      7%         2d4       69%         4
 Summon Hydra             Summ           0%         N/A       100%        7


Dungeon Overview and Level Annotations

Branches:
Dungeon (3/15)

Altars:
Sif Muna


Innate Abilities, Weirdness & Mutations

You have a pair of horns on your head.
You reflexively headbutt those who attack you in melee.


Message History

The orc priest begins to cast a cantrip, but forgets the words!
Without enough magic to sustain it, your searing ray dissipates.
The orc priest calls down the wrath of Beogh upon you.
Pain shoots through your body!
Your +1 short sword of venom stops dripping with poison.
b - a +0 sling (weapon)
You shoot a sling bullet.
The sling bullet closely misses the orc priest.
An orc wizard comes into view. It is wielding a +0 dagger.
You shoot a sling bullet.
The sling bullet closely misses the orc priest.
The orc wizard shouts!
An orc comes into view. It is wielding a +2 heavy hand axe.
The orc priest invokes the aid of Beogh against you.
Beogh smites you!
You shoot a sling bullet.
The sling bullet closely misses the orc priest.
The sling bullet misses the orc wizard.
The sling bullet closely misses the orc.
The orc wizard gestures wildly while chanting.
The orc wizard flickers and vanishes!
Deactivating autopickup; reactivate with Ctrl-A.
The orc priest calls down the wrath of Beogh upon you.
You barely resist. You shoot a sling bullet.
The sling bullet hits the orc priest.
The orc priest is heavily wounded.
The orc priest hits you with a +0 flail.
Your +1 short sword of venom begins to drip with poison!
a - a +1 short sword of venom (weapon)
You are too injured to fight recklessly!
You completely miss the orc priest.
You headbutt the orc priest, but do no damage.
The orc priest is heavily wounded.
The orc priest hits you with a +0 flail.
You hit the orc priest but do no damage.
The orc priest is poisoned.
The orc priest is heavily wounded.
The orc priest calls down the wrath of Beogh upon you.
Beogh smites you!
You die...

...#.#####
+#.......#
.#.#.###.#
.........#
##...#############
........[........#
.###############.#
.# #.# .##### #@#
....(# #o# ####.#
#{# ...#.##### #o#
.#.#.#...# #.#
...#.#.#.#.......#
...#.#.#.#.#######
.......#.#
...#.###.#


You could see an orc priest (very poisoned) and an orc.

Vanquished Creatures
  3 adders
  A dart slug (D:1)
  4 orcs
  2 ball pythons
  6 bats
  2 goblins (D:2)
  5 hobgoblins
  11 jackals
  5 kobolds
  3 quokkas (D:1)
  3 frilled lizards (D:1)
  4 rats
49 creatures vanquished.

Notes
Turn   | Place    | Note
-------+----------+-------------------------------------------
     0 | D:1      | croobank the Minotaur Conjurer began the quest for the Orb.
     0 | D:1      | Reached XP level 1. HP: 14/14 MP: 1/1
    23 | D:1      | Reached skill level 3 in Conjurations
   107 | D:1      | Reached XP level 2. HP: 15/20 MP: 1/3
   779 | D:1      | Reached XP level 3. HP: 26/26 MP: 2/5
   964 | D:2      | Learned a level 2 spell: Searing Ray
  1359 | D:2      | Found a shimmering blue altar of Sif Muna.
  1379 | D:2      | Became a worshipper of Sif Muna the Loreminder
  1430 | D:2      | Found a faded altar of an unknown god.
  1869 | D:3      | Learned a level 3 spell: Dazzling Flash
  1916 | D:3      | Reached XP level 4. HP: 33/33 MP: 0/6
  2640 | D:3      | Killed from afar by an orc priest

Illustrated notes

Levels and vault maps discovered:
D:1:      nzn_arrival_crosshair, layout_basic
D:2:      layout_rooms, hellmonk_ecumenical_altar_inner_sanctum, basic_altar
D:3:      layout_basic

Skill      XL: |  1  2 |
---------------+-------+-----
Conjurations   | 3 |  3.6
Spellcasting   | 2 |  2.3
Dodging        | |  2.1
Stealth        | |  1.5
Hexes          | |  0.2
Invocations    | |  0.4

Action                     |  1- 3 |  4- 6 || total
---------------------------+-------+-------++-------
  Melee: Short sword       |    42 |     5 ||    47
         Headbutt          |     3 |     1 ||     4
         Punch             |     1 |       ||     1
   Fire: Sling             |    28 |     4 ||    32
   Cast: Magic Dart        |    29 |     5 ||    34
         Searing Ray       |     9 |     6 ||    15
   Stab: Sleeping          |     2 |       ||     2
 Armour: Robe              |    28 |     7 ||    35
  Dodge: Dodged            |    33 |     8 ||    41

Table legend: (Time is in decaauts)
 A = Elapsed time spent in this place.
 B = Non-inter-level travel time spent in this place.
 C = Inter-level travel time spent in this place.
 D = Time resting spent in this place.
 E = Time spent auto-exploring this place.
 F = Levels seen in this place.
 G = Mean time per level.
                   A        B        C        D        E       F      G
               +--------+--------+--------+--------+--------+-----+--------+
         Total |   2640 |   2588 |     52 |    249 |   1958 |   3 |  880.0 |
       Dungeon |   2640 |   2588 |     52 |    249 |   1958 |   3 |  880.0 |
               +--------+--------+--------+--------+--------+-----+--------+

Top non-repeatable levels by time:
     D:1: 947 daAuts
     D:2: 864 daAuts
     D:3: 828 daAuts
